 Dungeon Crawl Stone Soup version 0.27-a0-955-gb57c80000f (webtiles) character file.

Game seed: 13833694270087638048

196 Glokmah the Magician (level 5, -3/38 HPs)
             Began as a Djinni Air Elementalist on Apr 12, 2021.
             Shot with an arrow by a centaur (8 damage)
             ... on level 3 of the Dungeon.
             The game lasted 00:07:40 (3853 turns).

Glokmah the Magician (Djinni Air Elementalist)      Turns: 3853, Time: 00:07:41

Health: -3/38      AC:  4    Str:  7    XL:     5   Next: 75%
Gold:   149        EV: 13    Int: 24    God:
                   SH:  0    Dex: 13

rFire    + + .     SeeInvis .   a - +0 short sword
rCold    x . .     Faith    .   (no shield)
rNeg     . . .     Spirit   .   h - +0 robe
rPois    ∞         Reflect  .   (no helmet)
rElec    .         Harm     .   g - +0 cloak
rCorr    .         Rampage  .   i - +0 pair of gloves
Will     .....                  (boots unavailable)
Stlth    ++........             (no amulet)
HPRegen  0.12/turn              k - +6 ring of intelligence
MPRegen  0.00/turn              (no ring)

@: swift, flying, quick
A: fire resistance 2, cold vulnerability 1, float, innate caster, hp casting,
extra vitality 1
a: no special abilities


You were on level 3 of the Dungeon.
You visited 1 branch of the dungeon, and saw 3 of its levels.

You collected 149 gold pieces.

Inventory:

Hand Weapons
 a - a +0 short sword (weapon)
Missiles
 d - 28 stones
Armour
 g - a +0 cloak (worn)
 h - a +0 robe (worn)
 i - a +0 pair of gloves (worn)
Jewellery
 k - a +6 ring of intelligence (left hand)
Scrolls
 b - a scroll of identify {unknown}
 f - a scroll of fear {unknown}
 j - a scroll of teleportation {unknown}
 m - a scroll of holy word {unknown}
 n - a scroll of noise {unknown}
 o - a scroll of magic mapping {unknown}
Potions
 c - a potion of haste {unknown}
 e - a potion of lignification {unknown}
 l - 2 potions of flight {unknown}


   Skills:
 + Level 2.1 Fighting
 + Level 2.0 Armour
 + Level 3.3 Dodging
 - Level 1.5 Stealth
 * Level 3.9 Spellcasting


You couldn't memorise any spells.
You knew the following spells:

 Your Spells              Type           Power      Damage    Failure   Level
a - Shock                 Conj/Air       92%        1d8       1%          1
b - Swiftness             Air            23%        N/A       3%          2
c - Static Discharge      Conj/Air       23%        N/A       6%          3
d - Airstrike             Air            11%        N/A       19%         4
e - Lightning Bolt        Conj/Air       11%        1d24      47%         5
f - Corona                Hex            25%        N/A       1%          1
g - Slow                  Hex            23%        N/A       3%          2
Your spell library was empty.

Dungeon Overview and Level Annotations

Branches:
Dungeon (3/15)

Altars:

Shops:
D:2 ![[*(


Innate Abilities, Weirdness & Mutations

You are immune to poison.
Your flesh is very heat resistant. (rF++)
You are vulnerable to cold. (rC-)
You float through the air rather than walking.
You learn spells naturally, not from books.
Your magical power is your life essence.
You have superior vitality. (+4 HP)


Message History

Confirm with . or Enter, or press ? or * to list all spells.
Aiming: Shock (safe; 1% risk of failure)
Press: ? - help, Shift-Dir - straight line, f - kobold
Aim: a kobold, wielding a +0 short sword (asleep, 0% to evade)
The zap hits the kobold.
You kill the kobold!
Casting: Shock (safe; 1% risk of failure)
Confirm with . or Enter, or press ? or * to list all spells.
Aiming: Shock (safe; 1% risk of failure)
Press: ? - help, Shift-Dir - straight line, f - you That beam is likely to hit you.
Continue anyway?
Okay, then.
A quokka comes into view.
Things that are here:
a +0 short sword; a kobold corpse
Casting: Shock (safe; 1% risk of failure)
Confirm with . or Enter, or press ? or * to list all spells.
Aiming: Shock (safe; 1% risk of failure)
Press: ? - help, Shift-Dir - straight line, f - quokka
Aim: a quokka (asleep, 0% to evade)
The zap hits the quokka.
You kill the quokka!
A centaur comes into view.
The centaur wields a +0 shortbow.
The centaur shoots an arrow.
The arrow hits you!
You see here 19 arrows.
The centaur shoots an arrow.
The arrow closely misses you.
The centaur shoots an arrow.
The arrow barely misses you.
The centaur shoots an arrow.
The arrow barely misses you.
You see here 19 arrows.
Casting: Shock (safe; 1% risk of failure)
Confirm with . or Enter, or press ? or * to list all spells.
You feel quick.
The centaur shoots an arrow.
The arrow hits you.
The centaur shoots an arrow.
The arrow hits you!
* * * LOW HITPOINT WARNING * * *
The centaur shoots an arrow.
The arrow hits you.
* * * LOW HITPOINT WARNING * * *
The centaur shoots an arrow.
The arrow closely misses you.
The centaur shoots an arrow.
The arrow hits you!
You die...

#.#.....###.#
#.#......)..####.
#....c...........
#.#........######
#.#.##..........
##.#....#########
#.......##......
#...............
#.@.............
##+#.##.........
................
##.#.###..####.#
#.#.# #..# #
#.#.###..####.##
.......)........
....###.)#.#######
.....†.......)....


You could see a centaur.

Vanquished Creatures
  An orc priest (D:2)
  2 orc wizards
  3 gnolls (D:2)
  2 adders (D:2)
  A worm (D:2)
  2 dart slugs (D:1)
  3 orcs
  5 ball pythons
  3 bats (D:1)
  7 endoplasms
  2 giant cockroaches
  4 goblins (D:1)
  3 hobgoblins
  3 jackals (D:1)
  6 kobolds
  5 quokkas
  2 frilled lizards (D:1)
  9 rats
63 creatures vanquished.

Notes
Turn   | Place    | Note
-------+----------+-------------------------------------------
     0 | D:1      | Glokmah the Djinni Air Elementalist began the quest for the
                  | Orb.
     0 | D:1      | Reached XP level 1. HP: 15/15 MP: 0/0
   640 | D:1      | Reached XP level 2. HP: 21/22 MP: 0/0
  1126 | D:1      | Reached XP level 3. HP: 18/26 MP: 0/0
  1126 | D:1      | Learned a level 1 spell: Corona
  1134 | D:1      | Reached skill level 1 in Fighting
  1384 | D:1      | Reached skill level 1 in Armour
  1626 | D:1      | Found a faded altar of an unknown god.
  2127 | D:2      | Found Huguvud's Assorted Antiques.
  2164 | D:2      | Found Zicacepi's Armour Shop.
  2208 | D:2      | Reached XP level 4. HP: 28/32 MP: 0/0
  2419 | D:2      | Found Lianey's Distillery.
  2711 | D:2      | Found Joffess's Armour Shop.
  2898 | D:2      | Reached XP level 5. HP: 35/38 MP: 0/0
  2898 | D:2      | Learned a level 2 spell: Slow
  3075 | D:2      | Found Roixkapt's Weapon Shoppe.
  3840 | D:3      | Noticed a centaur
  3853 | D:3      | Shot with an arrow by a centaur

Illustrated notes

Levels and vault maps discovered:
D:1:      sevenhm_arrival_forest_fort_large_2, layout_basic,
          basic_ecumenical_altar, minivault_23, minmay_distorted
D:2:      layout_basic, serial_shops, shop, shop, shop,
          nicolae_shop_window_shopping, shop, hangedman_decor_clover_reticule
D:3:      layout_basic, kennysheep_pointless_box

Skill      XL: |  1  2  3  4  5 |
---------------+----------------+-----
Spellcasting   | 3 |  3.9
Fighting       | 1 2 |  2.1
Armour         | 1 2 |  2.0
Dodging        | 3 |  3.3
Stealth        | |  1.5

Action                   |  1- 3 |  4- 6 || total
-------------------------+-------+-------++-------
Melee: Dagger            |     1 |       ||     1
       Short sword       |     1 |     2 ||     3
 Cast: Shock             |    66 |    63 ||   129
       Swiftness         |       |     2 ||     2
Armor: Robe              |     2 |     4 ||     6
Dodge: Dodged            |    12 |     7 ||    19

Table legend: (Time is in decaauts)
 A = Elapsed time spent in this place.
 B = Non-inter-level travel time spent in this place.
 C = Inter-level travel time spent in this place.
 D = Time resting spent in this place.
 E = Time spent auto-exploring this place.
 F = Levels seen in this place.
 G = Mean time per level.
                   A        B        C        D        E       F      G
               +--------+--------+--------+--------+--------+-----+--------+
         Total |   3852 |   3605 |    247 |    922 |   2209 |   3 | 1284.0 |
       Dungeon |   3852 |   3605 |    247 |    922 |   2209 |   3 | 1284.0 |
               +--------+--------+--------+--------+--------+-----+--------+

Top non-repeatable levels by time:
     D:1: 2121 daAuts
     D:2: 1603 daAuts
     D:3: 128 daAuts
